 Dungeon Crawl Stone Soup version 0.31-a0-236-g9a0961fb85 (webtiles) character file.

Game seed: 5988646928690638273

262 qw the Shooter (level 5, 0/46 HPs)
             Began as a Minotaur Hexslinger on July 10, 2023.
             Slain by a gnoll
             ... wielding a +0 halberd
             ... led by a gnoll bouda
              (9 damage)
             ... on level 4 of the Dungeon.
             The game lasted 00:00:54 (2261 turns).

qw the Shooter (Minotaur Hexslinger)                Turns: 2261, Time: 00:00:55

Health: 0/46       AC: 10    Str: 13    XL:     5   Next: 97%
Magic:  5/5        EV: 11    Int: 10    God:
Gold:   78         SH:  0    Dex: 14    Spells: 5/6 levels left

rFire   . . .        Y - +1 sling
rCold   . . .        (no shield)
rNeg    . . .        d - +0 ring mail
rPois   .            (helmet restricted)
rElec   .            e - +0 cloak
rCorr   .            (no gloves)
SInv    +            (no boots)
Will    .....        (no amulet)
Stlth   +            f - ring of see invisible
HPRegen 0.27/turn    j - +4 ring of protection
MPRegen 0.09/turn

%: no passive effects
@: weakened
A: horns 2, retaliatory headbutt
a: no special abilities


You were on level 4 of the Dungeon.
You visited 1 branch of the dungeon, and saw 4 of its levels.

You collected 78 gold pieces.


Innate Abilities, Weirdness & Mutations

You have a pair of horns on your head.
You reflexively headbutt those who attack you in melee.


   Skills:
 - Level 3.9 Fighting
 + Level 5.4 Ranged Weapons
 - Level 2.2 Armour
 - Level 2.1 Dodging
 - Level 1.0 Spellcasting
 - Level 2.0 Hexes


You had 5 spell levels left.
You knew the following spells:

 Your Spells              Type           Power      Damage    Failure   Level
a - Slow                  Hex            16%        N/A       32%         1

Your spell library contained the following spells:

 Spells                   Type           Power      Damage    Failure   Level
 Inner Flame              Hex/Fire       2%         N/A       82%         3
 Portal Projectile        Hex/Tloc       4%         N/A       82%         3
 Cause Fear               Hex            2%         N/A       97%         4

Inventory:

Hand Weapons
 Y - a +1 sling (weapon)
Armour
 d - a +0 ring mail (worn)
 e - a +0 cloak (worn)
Jewellery
 f - a ring of see invisible (left hand)
 j - a +4 ring of protection (right hand)
Scrolls
 b - a scroll of fog {unknown}
 c - a scroll of identify
Potions
 a - a potion of mutation {unknown}
 i - 2 potions of might

Dungeon Overview and Level Annotations

Branches:
Dungeon (4/15)             Temple (0/1) D:4

Altars:
Ashenzari

Shops:
D:3 [

Annotations:
D:3 2 runed translucent doors, qw's ghost, amateur MiHs
D:4 1 transporter


Message History

The gnoll is heavily wounded.
The gnoll hits you but does no damage.
The gnoll hits you from afar with a +0 halberd!
The gnoll misses you. You furiously retaliate!
You headbutt the gnoll. You shoot a sling bullet.
The sling bullet hits the gnoll.
The gnoll is almost dead.
The gnoll closely misses you. The gnoll barely misses you.
The gnoll hits you but does no damage.
The gnoll bouda hits you with a +0 whip.
You shoot a sling bullet. The sling bullet hits the gnoll.
You kill the gnoll!
The gnoll hits you from afar with a +0 halberd.
The gnoll closely misses you.
The gnoll bouda hits you with a +0 whip!
The gnoll barely misses you.
You shoot a sling bullet.
The sling bullet closely misses the gnoll bouda.
The gnoll hits you from afar with a +0 spear.
The gnoll bouda barely misses you. You furiously retaliate!
You headbutt the gnoll bouda, but do no damage.
The gnoll barely misses you.
You shoot a sling bullet. The sling bullet hits the gnoll bouda.
The gnoll bouda is moderately wounded.
The gnoll barely misses you. The gnoll bouda closely misses you.
The gnoll hits you from afar with a +0 halberd.
You shoot a sling bullet. The sling bullet hits the gnoll bouda!
The gnoll bouda is heavily wounded.
The gnoll is no longer moving quickly.
The gnoll hits you from afar with a +0 spear.
The gnoll bouda barks out a call to the hunt!
The gnoll picks up the pace!
The gnoll barely misses you.
You shoot a sling bullet. The sling bullet hits the gnoll bouda.
The gnoll bouda is severely wounded.
The gnoll completely misses you.
The gnoll bouda gazes fiercely through you!
You feel as though you will be weak longer.
The gnoll bouda hits you with a +0 whip.
The gnoll hits you from afar with a +0 halberd!
You die...

..#####....###.#####.
..........)..........#.
..##........####.###.#[
.....##..#.####....... .
.... #........####...
....#..##..#.....# ###.
....#.........#..#### #.
.......g...##.#.....# ##
.....g.@..###.......#...
+##...)#..# #.#####.#0..
.....g.#..# #.# #.#..#
....#>.##.###.#####.#..!
... ##..............#..#
.. #.##.....####..# . #.
####### #.## #. #.# #.#


You could see a gnoll bouda and 2 gnolls.

Vanquished Creatures
  A phantom (D:4)
  A scorpion (D:4)
  An orc priest (D:2)
  A gnoll (D:4)
  2 adders
  3 dart slugs
  8 orcs
  6 ball pythons
  5 endoplasms
  2 giant cockroaches
  4 goblins
  6 hobgoblins
  3 jackals (D:2)
  5 kobolds
  3 bats
  4 frilled lizards
  4 rats
59 creatures vanquished.

Notes
Turn   | Place    | Note
-------+----------+-------------------------------------------
     0 | D:1      | qw the Minotaur Hexslinger began the quest for the Orb.
     0 | D:1      | Reached XP level 1. HP: 16/16 MP: 1/1
     0 | D:1      | 0 ||| qw: Version: 0.3-a-52-g30416fa
     0 | D:1      | 0 ||| qw: Game counter: 4739
     0 | D:1      | 0 ||| qw: Melee chars always use a shield: true
     0 | D:1      | 0 ||| qw: God list: Okawaru
     0 | D:1      | 0 ||| qw: Allow faded altars: false
     0 | D:1      | 0 ||| qw: Do Orc after clearing Dungeon:15 true
     0 | D:1      | 0 ||| qw: Do second Lair branch before Depths: true
     0 | D:1      | 0 ||| qw: Lair rune preference: random
     0 | D:1      | 0 ||| qw: Goals: Normal
     0 | D:1      | 0 ||| PLANNING D:1-11
   189 | D:1      | Reached skill level 3 in Ranged Weapons
   192 | D:1      | Reached XP level 2. HP: 23/23 MP: 2/2
   527 | D:1      | 527 ||| UPGRADING to +0 ring mail.
   537 | D:1      | 537 ||| DROPPING +0 robe.
   538 | D:1      | 538 ||| UPGRADING to +0 cloak.
   543 | D:1      | 543 ||| UPGRADING to ring of see invisible.
   544 | D:1      | 544 ||| UPGRADING to +4 ring of protection.
   545 | D:1      | 545 ||| READING scroll labelled YREPHU CUUMO.
   546 | D:1      | 546 ||| READING scroll labelled TEJ MUDONUTIHOO.
   547 | D:1      | 547 ||| READING scroll labelled YPAOWAPT VEZON.
   548 | D:1      | 548 ||| DROPPING scroll of poison.
   573 | D:2      | Found a faded altar of an unknown god.
   621 | D:2      | Reached XP level 3. HP: 29/29 MP: 3/3
   875 | D:2      | Found a broken altar of Ashenzari.
   890 | D:2      | Reached skill level 4 in Ranged Weapons
   895 | D:2      | HP: 1/29 [orc priest/divine providence (10)]
   903 | D:2      | HP: 1/29 [orc priest/+0 club (3)]
   904 | D:2      | Reached XP level 4. HP: 1/36 MP: 4/4
  1099 | D:2      | 1099 ||| READING scroll labelled SYQOPR QUSYITZ.
  1100 | D:2      | 1100 ||| READING scroll labelled VAELEKEBO.
  1101 | D:2      | 1101 ||| READING 3 scrolls labelled OGRIRO PIOVAO.
  1102 | D:2      | 1102 ||| READING 2 scrolls of identify.
  1102 | D:2      | 1102 ||| IDENTIFYING inky potion
  1172 | D:3      | Found Qiavo's Antique Armour Emporium.
  1177 | D:3      | 1177 ||| SHOPLISTING jewelled leather armour (189 gold,
                  | have 67).
  1177 | D:3      | 1177 ||| SHOPLISTING shiny troll leather armour (486 gold,
                  | have 67).
  1345 | D:3      | Found a large runed translucent door.
  1530 | D:3      | Found a large runed translucent door.
  1534 | D:3      | Noticed qw's ghost (amateur MiHs)
  2001 | D:4      | 2001 ||| PLANNING SEWER
  2009 | D:4      | Noticed a scorpion
  2022 | D:4      | Killed a scorpion
  2023 | D:4      | Reached skill level 5 in Ranged Weapons
  2023 | D:4      | Reached XP level 5. HP: 23/41 MP: 5/5
  2110 | D:4      | Noticed a phantom
  2125 | D:4      | Killed a phantom
  2126 | D:4      | Reached skill level 3 in Fighting
  2160 | D:4      | Found a staircase to the Ecumenical Temple.
  2198 | D:4      | Found a transporter.
  2247 | D:4      | 2247 ||| Stepping ~*~*~tactically~*~*~ (outnumbered).
  2249 | D:4      | 2249 ||| Stepping ~*~*~tactically~*~*~ (outnumbered).
  2251 | D:4      | 2251 ||| Stepping ~*~*~tactically~*~*~ (outnumbered).
  2260 | D:4      | HP: 10/46 [gnoll/+0 spear[a gnoll bouda] (3)]
  2261 | D:4      | Slain by a gnoll

Levels and vault maps discovered:
D:1:      minmay_arrival_loop, layout_basic
D:2:      layout_rooms, basic_altar, dreamdust_ecumenical_altar_grove
D:3:      layout_loops_ring, ebering_ghost_disaster_area, serial_shops,
          nicolae_shop_tiny_waterfront, serial_rivers,
          chequers_serial_rivers_marsh, chequers_serial_rivers_small_a,
          chequers_serial_rivers_room_a, chequers_serial_rivers_room_a,
          chequers_serial_rivers_micro_a, chequers_serial_rivers_micro_a,
          grunt_ministairs_3
D:4:      gammafunk_cloud_chamber, layout_basic,
          minmay_temple_entry_antechambers, cheibrodos_sewer_entry_bend,
          dk_rats_in_the_wall

Skill      XL: |  1  2  3  4  5 |
---------------+----------------+-----
Ranged Weapons | 3 4 5 |  5.4
Fighting       | 2 3 |  3.9
Armour         | 2 |  2.2
Dodging        | |  2.1
Spellcasting   | |  1.0
Hexes          | |  2.0

Action                     |  1- 3 |  4- 6 || total
---------------------------+-------+-------++-------
   Fire: Sling             |   101 |    94 ||   195
    Use: Scroll            |     3 |     4 ||     7
 Armour: Robe              |     1 |       ||     1
         Ring mail         |    11 |    33 ||    44
  Dodge: Dodged            |    23 |    40 ||    63

Table legend:
 A = Non-vault XP
 B = Vault XP
 C = Vault XP percentage of total XP
 D = Non-vault monster count
 E = Vault monster count
 F = Vault count percentage of total count
                 A         B        C        D         E       F
            +---------+---------+-------+---------+---------+-------
      Total |     369 |       6 |   1.6 |      57 |       2 |   3.4
            +---------+---------+-------+---------+---------+-------
        D:1 |      29 |       0 |   0.0 |      18 |       0 |   0.0
        D:2 |      79 |       0 |   0.0 |      18 |       0 |   0.0
        D:3 |      38 |       6 |  13.6 |      13 |       2 |  13.3
        D:4 |     223 |       0 |   0.0 |       8 |       0 |   0.0
            +---------+---------+-------+---------+---------+-------
